Description

Made this for my own use. Feel free to use if you want to.

https://www.youtube.com/watch?v=BC_xUzNdIGw

VOD

https://www.youtube.com/watch?v=BC_xUzNdIGw

Build Order

Get SALT Encoding   

  14  0:18  Supply Depot  
  15  0:40  Barracks  
  16  0:44  Refinery  
  19  1:27  Reaper  marine after
  19  1:28  Orbital Command  
  20  1:42   Command Center  
  20  1:46  Barracks Reactor  
  20  1:53  Supply Depot  
  22  2:11  Barracks x2  
  29  2:54  Orbital Command  
  29  2:58  Barracks Tech Lab  
  32  3:06  Engineering Bay  
  33  3:17  Stimpack  
  38  3:28  Supply Depot  
  38  3:30  Barracks Tech Lab  
  39  3:34  Terran Infantry Weapons Level 1  
  44  3:49  Combat Shield  
  44  3:54  Supply Depot  
  46  3:58  Missile Turret  One in main, one in natural. (If needed)
  54  4:25   Marauder x2  
  62  4:36   Factory  
  62  4:40  Refinery x2  2x on natural
  77  5:21  Starport  
  77  5:22  Barracks x2, Factory Reactor  
  77  5:26  Refinery  In main
  79  5:39  Terran Infantry Armor Level 1  
  79  5:40   Concussive Shells  
  86  6:02  Command Center  
  107  6:51  Engineering Bay  
  107  6:52  Armory  
Spawning Tool Build Advisor. Get it on Overwolf

Go to:

Details

  • Created by: Tuckasdf
  • Published on: May 10, 2019
  • Modified on: May 30, 2019
  • Patch: 4.7.1
Show
View Real Time Build Order
Export as new Build Order

Comments (0)

There are no comments. Be the first!

Create an account to comment!